 Dungeon Crawl Stone Soup version 0.28.0 (webtiles) character file.

Game seed: 6242235974404289941

49 Strat the Chopper (level 3, 0/31 HPs)
             Began as a Minotaur Fighter on Feb 9, 2022.
             Slain by an adder (2 damage)
             ... on level 2 of the Dungeon.
             The game lasted 00:02:07 (474 turns).

Strat the Chopper (Minotaur Fighter)                 Turns: 474, Time: 00:02:08

Health: 0/31       AC:  6    Str: 20    XL:     3   Next: 51%
Magic:  2/2        EV:  9    Int:  5    God:
Gold:   37         SH:  4    Dex: 11    Spells: 2/2 levels left

rFire   . . .      SeeInvis .   a - +0 war axe
rCold   . . .      Faith    .   c - +0 buckler
rNeg    . . .      Spirit   .   b - +0 scale mail
rPois   .          Reflect  .   (helmet restricted)
rElec   .          Harm     .   (no cloak)
rCorr   .          Rampage  .   (no gloves)
Will    .....                   (no boots)
Stlth   ..........              (no amulet)
HPRegen 0.10/turn               (no ring)
MPRegen 0.08/turn               (no ring)

@: no status effects
A: horns 2, retaliatory headbutt
a: no special abilities


You were on level 2 of the Dungeon.
You visited 1 branch of the dungeon, and saw 2 of its levels.

You collected 37 gold pieces.

Inventory:

Hand Weapons
 a - a +0 war axe (weapon)
Missiles
 i - 5 poisoned darts (quivered)
Armour
 b - a +0 scale mail (worn)
 c - a +0 buckler (worn)
Scrolls
 g - a scroll of enchant weapon {unknown}
 h - a scroll of silence {unknown}
Potions
 d - a potion of might
 e - a potion of curing {unknown}
 f - a potion of ambrosia {unknown}


   Skills:
 - Level 3.6 Fighting
 + Level 4.8 Axes
 - Level 3.6 Armour
 - Level 3.6 Shields


You had 2 spell levels left.
You didn't know any spells.
Your spell library was empty.

Dungeon Overview and Level Annotations

Branches:
Dungeon (2/15)

Altars:


Innate Abilities, Weirdness & Mutations

You have a pair of horns on your head.
You reflexively headbutt those who attack you in melee.


Message History

You headbutt the worm!
You kill the worm!
The worm bites you!
* * * LOW HITPOINT WARNING * * *
An endoplasm comes into view.
The endoplasm jiggles.
The endoplasm hits you but does no damage.
You slash the endoplasm!
You kill the endoplasm!
An endoplasm comes into view.
The endoplasm quivers.
You block the endoplasm's attack.
You slash the endoplasm!
You kill the endoplasm!
An adder comes into view.
The adder hisses angrily.
There is a stone staircase leading up here.
You barely miss the adder. Your headbutt misses the adder. The adder bites you.
* * * LOW HITPOINT WARNING * * *
You hit the adder but do no damage. You headbutt the adder.
The adder is heavily wounded.
The adder bites you but does no damage. The adder barely misses you.
You furiously retaliate!
You headbutt the adder. You closely miss the adder.
The adder is severely wounded.
You block the adder's attack. The adder bites you.
* * * LOW HITPOINT WARNING * * *
You closely miss the adder.
The adder is severely wounded.
The adder closely misses you. The adder bites you but does no damage.
You barely miss the adder.
The adder is severely wounded.
The adder bites you but does no damage.
You barely miss the adder.
The adder is severely wounded.
You block the adder's attack. The adder closely misses you.
You closely miss the adder.
The adder is severely wounded.
The adder bites you but does no damage. The adder bites you.
You die...

#.# # #.# # # #.####..#
# ##########.......# #
#...........###.## #
#>......##......#######
#.......##..#####......
#.....S..#.............
#.....@..#...####......
#....)...#...# #####.#
#............# #.#
########.....# #.#
#.......### #.#
#.####..######## #.#
#.......)....# .
#.##.#.###...##### ..
#.#.#.......###


You could see an adder.

Vanquished Creatures
  2 adders (D:2)
  A worm (D:2)
  4 endoplasms (D:2)
  A giant cockroach (D:2)
  5 hobgoblins
  2 kobolds (D:1)
  A quokka (D:1)
  2 ball pythons
  2 bats (D:1)
  4 goblins (D:2)
  A rat (D:2)
25 creatures vanquished.

Notes
Turn   | Place    | Note
-------+----------+-------------------------------------------
     0 | D:1      | Strat the Minotaur Fighter began the quest for the Orb.
     0 | D:1      | Reached XP level 1. HP: 19/19 MP: 0/0
    67 | D:1      | Reached skill level 3 in Axes
   148 | D:1      | Reached XP level 2. HP: 25/26 MP: 1/1
   152 | D:1      | Found a faded altar of an unknown god.
   295 | D:2      | Reached skill level 4 in Axes
   341 | D:2      | Reached XP level 3. HP: 17/31 MP: 2/2
   474 | D:2      | Slain by an adder

Illustrated notes

Levels and vault maps discovered:
D:1:      lightli_arrival_noodles, layout_basic,
          hellmonk_ecumenical_altar_blasted
D:2:      cheibrodos_pilgrimage, layout_loops_cross, serial_shops,
          nicolae_square_shop, st_stairs_4, cheibrodos_gnoll_hut

Skill      XL: |  1  2 |
---------------+-------+-----
Axes           | 3 4 |  4.8
Fighting       | |  3.6
Armour         | |  3.6
Shields        | |  3.6

Action                   || total
-------------------------++-------
Melee: War axe           ||    54
       Headbutt          ||     9
Armor: Scale mail        ||    24
Dodge: Dodged            ||    25
Block: Buckler           ||    16
